 Dungeon Crawl Stone Soup version 0.29-b1-5-gddc7ae1da1 (webtiles) character file.

Game seed: 13337999038924885855

259 hurston the Trooper (level 6, -1/39 HPs)
             Began as a Gargoyle Fighter on Aug 22, 2022.
             Splashed by a jelly's acid (2 damage)
             ... on level 4 of the Dungeon.
             The game lasted 00:15:23 (4664 turns).

hurston the Trooper (Gargoyle Fighter)              Turns: 4664, Time: 00:15:23

Health: -1/39      AC:  9    Str: 21    XL:     6   Next: 17%
Magic:  15/15      EV:  7    Int: 12    God:
Gold:   308        SH:  9    Dex:  9    Spells: 5/5 levels left

rFire   . . .      SeeInvis .   a - +0 rapier
rCold   . . .      Faith    .   c - +0 buckler
rNeg    + . .      Spirit   .   g - +0 chain mail
rPois   ∞          Reflect  +   n - +2 helmet "Riweb" {rElec rPois MP+9 Int+3}
rElec   +          Harm     .   (no cloak)
rCorr   .          Rampage  .   (no gloves)
Will    .....                   (no boots)
Stlth   ..........              s - amulet of reflection
HPRegen 0.13/turn               (no ring)
MPRegen 0.14/turn               (no ring)

@: corroded
A: sickness immunity, AC +4, negative energy resistance 1, electricity
resistance, torment resistance 1, petrification resistance
a: no special abilities


You were on level 4 of the Dungeon.
You visited 1 branch of the dungeon, and saw 4 of its levels.

You collected 308 gold pieces.

Inventory:

Hand Weapons
 a - a +0 rapier (weapon)
Missiles
 m - 11 poisoned darts (quivered)
Armour
 c - a +0 buckler (worn)
 g - a +0 chain mail (worn)
 n - the +2 helmet "Riweb" (worn) {rElec rPois MP+9 Int+3}
   (You took it off Robin on level 2 of the Dungeon)

   Int:       It affects your intelligence (+3).
   rElec:     It insulates you from electricity.
   rPois:     It protects you from poison.
   MP:        It affects your magic capacity (+9).
Jewellery
 s - an amulet of reflection (around neck)
Wands
 x - a wand of digging (7)
Scrolls
 b - 2 scrolls of brand weapon {unknown}
 f - 2 scrolls of enchant armour {unknown}
 l - 2 scrolls of teleportation {unknown}
 p - a scroll of silence {unknown}
 q - 4 scrolls of identify {unknown}
 r - a scroll of amnesia {unknown}
 v - a scroll of enchant weapon {unknown}
Potions
 d - a potion of might
 e - 2 potions of magic {unknown}
 h - a potion of mutation {unknown}
 i - 2 potions of lignification {unknown}
 j - 3 potions of berserk rage {unknown}
 k - 3 potions of curing {unknown}
 o - a potion of flight {unknown}
 t - a potion of heal wounds {unknown}
 u - 2 potions of cancellation {unknown}
 w - a potion of attraction {unknown}


   Skills:
 + Level 4.4 Fighting
 + Level 3.8 Short Blades
 + Level 4.4 Armour
 + Level 0.8 Dodging
 + Level 0.3 Stealth
 + Level 3.9 Shields


You had 5 spell levels left.
You didn't know any spells.
Your spell library contained the following spells:

 Spells                   Type           Power      Damage    Failure   Level
 Sting                    Tmut/Pois      0%         1d3       98%         1
 Poisonous Vapours        Pois/Air       0%         N/A       99%         2
 Ozocubu's Armour         Ice            0%         N/A       100%        3
 Olgreb's Toxic Radiance  Pois           0%         N/A       100%        4
 Metabolic Englaciation   Hex/Ice        0%         N/A       100%        5
 Simulacrum               Ice/Necr       0%         N/A       100%        6


Dungeon Overview and Level Annotations

Branches:
Dungeon (4/15)
 Temple: D:4-7

Altars:
Xom

Shops:
D:1 (


Innate Abilities, Weirdness & Mutations

You are immune to sickness and miasma.
Your stone body is resilient. (AC +4)
You are immune to poison.
You resist negative energy. (rN+)
You are resistant to electric shocks. (rElec)
You are resistant to unholy torment.
You are immune to petrification.


Message History

The jelly is heavily wounded.
A phantom comes into view.
The jelly barely misses you.
You hit the jelly but do no damage.
Your hands burn!
The jelly is heavily wounded.
The jelly hits you but does no damage.
You hit the jelly.
Your hands burn!
The jelly is almost dead.
The jelly hits you but does no damage.
You hit the jelly but do no damage. The acid corrodes you!
Your hands burn!
The jelly is almost dead.
The jelly barely misses you.
You hit the jelly but do no damage.
Your hands burn!
* * * LOW HITPOINT WARNING * * *
The jelly is almost dead.
The jelly hits you but does no damage.
You hit the jelly but do no damage.
Your hands burn!
* * * LOW HITPOINT WARNING * * *
The jelly is almost dead.
You block the jelly's attack.
You hit the jelly but do no damage.
Your hands burn!
* * * LOW HITPOINT WARNING * * *
The jelly is almost dead.
You block the jelly's attack. The phantom completely misses you.
You hit the jelly but do no damage.
Your hands burn!
* * * LOW HITPOINT WARNING * * *
The jelly is almost dead.
The jelly hits you but does no damage.
The phantom hits you but does no damage.
You hit the jelly but do no damage.
Your hands burn!
* * * LOW HITPOINT WARNING * * *
The jelly is almost dead.
You block the jelly's attack.
The phantom hits you but does no damage.
You hit the jelly.
Your hands burn!
* * * LOW HITPOINT WARNING * * *
The jelly is almost dead.
You block the jelly's attack. You block the phantom's attack.
You hit the jelly but do no damage.
Your hands burn!
You die...

....... .......
....... .>(....
....... ######
......= ###....
####J......
#.....####..@W..<.#
#...<.....##......#
#...##..#####
....... #. ##.#
#.##... ### .# ##
.# . .


You could see a phantom and a jelly.

Vanquished Creatures
  Robin (D:2)
  7 gnolls (D:3)
  3 adders (D:2)
  2 worms
  2 dart slugs
  An orc (D:3)
  An endoplasm (D:3)
  6 giant cockroaches
  45 goblins
  32 hobgoblins
  3 jackals (D:2)
  2 quokkas
  4 ball pythons
  3 bats
  3 frilled lizards
  5 kobolds
  3 rats
123 creatures vanquished.

Notes
Turn   | Place    | Note
-------+----------+-------------------------------------------
     0 | D:1      | hurston the Gargoyle Fighter began the quest for the Orb.
     0 | D:1      | Reached XP level 1. HP: 14/14 MP: 1/1
   116 | D:1      | Reached XP level 2. HP: 13/19 MP: 2/2
   323 | D:1      | You fall into a shaft and drop 1 floor!
   393 | D:1      | Found Ineuxiyn's Antique Weapon Boutique.
   861 | D:2      | Reached XP level 3. HP: 19/24 MP: 3/3
  1199 | D:2      | Identified the +2 helmet "Riweb" {rElec rPois MP+9 Int+3}
  1199 | D:2      | Noticed Robin
  1497 | D:2      | Killed Robin
  1498 | D:2      | Reached XP level 4. HP: 23/29 MP: 4/4
  1731 | D:2      | Found a shimmering altar of Xom.
  1843 | D:2      | Found a faded altar of an unknown god.
  2581 | D:3      | Reached XP level 5. HP: 28/33 MP: 5/5
  3892 | D:3      | Reached XP level 6. HP: 30/39 MP: 6/6
  4663 | D:4      | HP: 1/39 [acid (2)]
  4664 | D:4      | Splashed by a jelly's acid

Illustrated notes

Levels and vault maps discovered:
D:1:      giann_horns, layout_loops_ring, serial_shops, shop
D:2:      layout_loops_ring, chequers_ecumenical_altar_simple_redux,
          basic_altar, minmay_goblin_kobold_house, uniq_robin
D:3:      minmay_goblin_kobold_castle, layout_loops_ring
D:4:      layout_rooms, nicolae_hepliaklqana_monster_ancestors,
          grunt_qazlal_sundering, amcnicky_mini_corridor_feature

Skill      XL: |  1  2  3  4  5 |
---------------+----------------+-----
Short Blades   | 2 3 |  3.8
Fighting       | 4 |  4.4
Armour         | 4 |  4.4
Dodging        | |  0.8
Stealth        | |  0.3
Shields        | |  3.9

Action                   |  1- 3 |  4- 6 || total
-------------------------+-------+-------++-------
Melee: Rapier            |   155 |   381 ||   536
  Use: Potion            |       |     1 ||     1
Armor: Scale mail        |    14 |       ||    14
       Chain mail        |    77 |   308 ||   385
Dodge: Dodged            |    63 |   162 ||   225
Block: Buckler           |    24 |   106 ||   130
